Warning! The script has encountered some errors when parsing the replay. Please report them to the . » details
0x00, prev: 0x16: 16 02 08 00 A4 9F 00 00 A8 F2 02 00 68 8C 00 00 01 11 04 00 B6 87 00 00 C7 F2 00 00 52 07 00 00 E2 81 06 00 F0 7D 00 00 25 A1 05 00 3E 84 00 00 9F C5 05 00 E0 88 00 00 B6 6E 05 00 49 A0 00 00 76 38 05 00 [00] 00 00 00 00 00 00 00 00 00 00 00 00 00 00 00 00 00 00 00 00 00 00 00 00 00
0x00, prev: 0x00: 16 02 08 00 A4 9F 00 00 A8 F2 02 00 68 8C 00 00 01 11 04 00 B6 87 00 00 C7 F2 00 00 52 07 00 00 E2 81 06 00 F0 7D 00 00 25 A1 05 00 3E 84 00 00 9F C5 05 00 E0 88 00 00 B6 6E 05 00 49 A0 00 00 76 38 05 00 00 00 00 00 00 00 00 00 00 00 00 00 00 00 00 00 00 00 00 00 00 00 00 00 [00] 00
0x00, prev: 0x05: 16 02 03 00 B6 87 00 00 C7 F2 00 00 68 8C 00 00 01 11 04 00 49 A0 00 00 76 38 05 00 00 00 00 00 00 00 00 00 00 00 00 00 00 00 00 00 00 00 00 00 00 00 00 00 05 [00] 05 11 00 18 00 03 1A 19 6D 6F 61 65 1A 87 00 00 E8 E9 00 00
General information
- name: BNet
- type: Ladder team game (AT/RT)
- host: Battle.net
- saver: SMERB.COM.COM
map: Mur'gulOasis
- players: 6
- length: 15:45
- speed: Fast
- version: 1.23 W3XP
- replay type: Public
» download(133 KB)
Players
team 1 (loser)
DemonHunter (
green | 149 APM | 2146 actions | 14:23)
3 Keeper of the Grove
2 Entangling Roots
1 Force of Nature
» actions
| Assign group hotkey | 33 | |
| Basic commands | 25 | |
| Build / train | 42 | |
| Enter build submenu | 12 | |
| Enter hero's abilities submenu | 3 | |
| Remove unit from queue | 1 | |
| Right click | 574 | |
| Select / deselect | 181 | |
| Select group hotkey | 1218 | |
| Use ability | 57 | |
2146 total
» units
» upgrades
| Moon Armor | 1 | |
| Strength of the Moon | 1 | |
2 total
» buildings
| Altar of Elders | 1 | |
| Moon Well | 4 | |
| Hunter's Hall | 1 | |
| Ancient of War | 3 | |
9 total
» build order
00:06 Altar of Elders
00:16 Moon Well
01:54 Hunter's Hall
01:59 Ancient of War
02:05 Ancient of War
02:12 Ancient of War
02:21 Moon Well
03:13 Moon Well
04:54 Moon Well
» items
DeSTiNY- (
pink | 104 APM | 1642 actions | 15:44)
5 Death Knight
3 Death Coil
1 Unholy Aura
1 Death Pact
2 Lich
1 Frost Nova
1 Frost Armor
2 Crypt Lord
1 Impale
1 Spiked Carapace
» actions
| Assign group hotkey | 328 | |
| Build / train | 52 | |
| Enter build submenu | 14 | |
| Enter hero's abilities submenu | 9 | |
| Give item / drop item | 2 | |
| Right click | 561 | |
| Select / deselect | 327 | |
| Select group hotkey | 252 | |
| Use ability | 97 | |
1642 total
» units
| Acolyte | 2 | |
| Ghoul | 1 | |
| Crypt Fiend | 9 | |
| Frost Wyrm | 5 | |
17 total
» upgrades
| Burrow | 1 | |
| Creature Attack | 1 | |
| Creature Carapace | 2 | |
| Web | 1 | |
5 total
» buildings
| Crypt | 1 | |
| Graveyard | 1 | |
| Altar of Darkness | 1 | |
| Ziggurat | 6 | |
| Tomb of Relics | 1 | |
| Nerubian Tower | 1 | |
| Halls of the Dead | 1 | |
| Black Citadel | 1 | |
| Sacrificial Pit | 1 | |
| Boneyard | 3 | |
17 total
» build order
00:06 Crypt
00:09 Graveyard
00:22 Altar of Darkness
00:27 Ziggurat
00:46 Tomb of Relics
01:26 Ziggurat
02:14 Nerubian Tower
03:47 Halls of the Dead
04:30 Ziggurat
04:33 Ziggurat
06:10 Black Citadel
08:08 Sacrificial Pit
08:10 Ziggurat
08:53 Ziggurat
09:00 Boneyard
09:08 Boneyard
09:10 Boneyard
» items
| Rod of Necromancy | 2 | |
| Dust of Appearance | 1 | |
| Orb of Corruption | 1 | |
| Scroll of Town Portal | 5 | |
9 total
sMs.CriMsoN (
yellow | 135 APM | 1949 actions | 14:26)
3 Priestess of the Moon
1 Searing Arrows
2 Trueshot Aura
» actions
| Assign group hotkey | 40 | |
| Basic commands | 173 | |
| Build / train | 68 | |
| Enter build submenu | 8 | |
| Enter hero's abilities submenu | 3 | |
| Right click | 624 | |
| Select / deselect | 187 | |
| Select group hotkey | 764 | |
| Use ability | 82 | |
1949 total
» units
» upgrades
» buildings
| Altar of Elders | 1 | |
| Moon Well | 4 | |
| Hunter's Hall | 1 | |
| Ancient of War | 2 | |
8 total
» build order
00:09 Altar of Elders
00:19 Moon Well
01:47 Hunter's Hall
01:51 Ancient of War
02:15 Ancient of War
02:27 Moon Well
02:55 Moon Well
05:39 Moon Well
» items
| Staff of Teleportation | 1 | |
| Dust of Appearance | 1 | |
| Scroll of Town Portal | 1 | |
3 total
team 2 (winner)
brolysaiyanking (
purple | 106 APM | 1674 actions | 15:45)
3 Keeper of the Grove
2 Entangling Roots
1 Thorns Aura
» actions
| Assign group hotkey | 149 | |
| Build / train | 64 | |
| ESC pressed | 2 | |
| Enter build submenu | 10 | |
| Enter hero's abilities submenu | 3 | |
| Give item / drop item | 1 | |
| Right click | 937 | |
| Select / deselect | 153 | |
| Select group hotkey | 321 | |
| Use ability | 34 | |
1674 total
» units
» buildings
| Altar of Elders | 1 | |
| Moon Well | 4 | |
| Hunter's Hall | 1 | |
| Ancient of War | 2 | |
| Tree of Life | 1 | |
9 total
» build order
00:07 Altar of Elders
00:19 Moon Well
01:44 Hunter's Hall
01:48 Ancient of War
02:27 Ancient of War
02:34 Moon Well
03:25 Moon Well
05:36 Moon Well
13:23 Tree of Life
» items
| Scroll of Town Portal | 3 | |
| Scroll of Healing | 3 | |
6 total
cowboysfromhell (
red | 96 APM | 1510 actions | 15:45)
4 Priestess of the Moon
2 Searing Arrows
2 Trueshot Aura
» actions
| Assign group hotkey | 112 | |
| Basic commands | 167 | |
| Build / train | 43 | |
| Enter build submenu | 8 | |
| Enter hero's abilities submenu | 4 | |
| Give item / drop item | 2 | |
| Right click | 492 | |
| Select / deselect | 277 | |
| Select group hotkey | 372 | |
| Use ability | 33 | |
1510 total
» units
» upgrades
| Strength of the Moon | 1 | |
| Moon Armor | 1 | |
2 total
» buildings
| Altar of Elders | 1 | |
| Moon Well | 4 | |
| Hunter's Hall | 1 | |
| Ancient of War | 2 | |
8 total
» build order
00:06 Altar of Elders
00:17 Moon Well
01:43 Hunter's Hall
01:59 Ancient of War
02:05 Ancient of War
02:20 Moon Well
03:00 Moon Well
06:12 Moon Well
» items
| Dust of Appearance | 1 | |
| Scroll of Healing | 2 | |
| Scroll of Protection | 5 | |
| Potion of Lesser Invulnerability | 3 | |
11 total
SMERB.COM.COM (
blue | 136 APM | 2146 actions | 15:45)
5 Death Knight
3 Death Coil
2 Unholy Aura
3 Lich
2 Frost Nova
1 Frost Armor
3 Crypt Lord
2 Impale
1 Spiked Carapace
» actions
| Assign group hotkey | 82 | |
| Build / train | 47 | |
| Enter build submenu | 15 | |
| Enter hero's abilities submenu | 11 | |
| Right click | 856 | |
| Select / deselect | 381 | |
| Select group hotkey | 666 | |
| Use ability | 88 | |
2146 total
» units
| Acolyte | 2 | |
| Ghoul | 1 | |
| Crypt Fiend | 11 | |
| Frost Wyrm | 4 | |
18 total
» upgrades
| Burrow | 1 | |
| Creature Attack | 3 | |
| Web | 1 | |
5 total
» buildings
| Crypt | 1 | |
| Graveyard | 1 | |
| Altar of Darkness | 1 | |
| Ziggurat | 7 | |
| Tomb of Relics | 1 | |
| Halls of the Dead | 2 | |
| Nerubian Tower | 1 | |
| Black Citadel | 1 | |
| Sacrificial Pit | 1 | |
| Boneyard | 2 | |
18 total
» build order
00:06 Crypt
00:14 Graveyard
00:20 Altar of Darkness
00:31 Ziggurat
00:45 Tomb of Relics
01:51 Ziggurat
03:23 Halls of the Dead
03:36 Ziggurat
04:43 Nerubian Tower
05:49 Black Citadel
06:17 Ziggurat
08:03 Sacrificial Pit
08:54 Boneyard
08:58 Boneyard
09:12 Ziggurat
12:18 Ziggurat
13:40 Ziggurat
» items
| Rod of Necromancy | 3 | |
| Scroll of Town Portal | 1 | |
| Orb of Corruption | 1 | |
5 total
Chat log
(00:15 / All) cowboysfromhell: chris taka and tom?
(00:16 / All) cowboysfromhell: or flame
(00:26 / All) DemonHunter: wtf?
(00:30 / All) cowboysfromhell: ?
(00:31 / All) DemonHunter: this is none of them
(00:37 / All) cowboysfromhell: LOL
(00:41 / All) DeSTiNY-: COWBOY
(00:42 / All) DemonHunter: Pierre le pro
(00:43 / All) DeSTiNY-: FROM HELL
(00:47 / All) DemonHunter: and lucci the pro !
(00:48 / All) cowboysfromhell: nigga i sell ponies
(01:01 / All) DeSTiNY-: lucci
(01:02 / All) DeSTiNY-: :>
(01:05 / All) DeSTiNY-: thats me <3
(01:12 / All) cowboysfromhell: Who the fuck are you lol
(14:30 / All) SMERB.COM.COM: whoever piere is he fucking sucks
(14:31 / All) brolysaiyanking: trash
(15:03 / Allies) cowboysfromhell: go